 Dungeon Crawl Stone Soup version 0.30-b1-2-g02819fbbbe (webtiles) character file.

Game seed: 7440312283765658297

13366 raph the Destroyer (level 11, -1/92 HPs)
             Began as a Red Draconian Conjurer on Dec 26, 2023.
             Was a Believer of Vehumet.
             Slain by a catoblepas (12 damage)
             ... on level 1 of the Lair of Beasts.
             The game lasted 00:29:32 (16602 turns).

raph the Destroyer (Red Draconian Conjurer)        Turns: 16602, Time: 00:29:33

Health: -1/92      AC: 15    Str:  9    XL:     11   Next: 74%
Magic:  1/29       EV: 18    Int: 23    God:    Vehumet [**....]
Gold:   688        SH: 12    Dex: 10    Spells: 6/22 levels left

rFire   + . .        b - +1 long sword
rCold   + . .        x - +7 buckler "Cowneut" {rC+}
rNeg    . . .        (body armour unavailable)
rPois   .            e - +2 hat
rElec   .            a - +2 cloak {Will+}
rCorr   .            A - +1 pair of gloves
SInv    .            c - +0 pair of boots
Will    +....        (no amulet)
Stlth   +++          H - ring of magical power
HPRegen 0.35/turn    i - +5 ring of evasion
MPRegen 0.21/turn

%: no passive effects
@: short of breath
A: breathe fire, AC +7, unfitting armour, fire resistance 1, cold-blooded
a: Breathe Fire, Renounce Religion


You were on level 1 of the Lair of Beasts.
You worshipped Vehumet.
Vehumet was pleased with you.
You visited 3 branches of the dungeon, and saw 13 of its levels.
You also visited: Bailey.

You collected 896 gold pieces.
You spent 208 gold pieces at shops.

Inventory:

Hand Weapons
 b - a +1 long sword (weapon)
Missiles
 v - a throwing net
Armour
 a - a +2 cloak of willpower (worn)
 c - a +0 pair of boots (worn)
 e - a +2 hat (worn)
 x - the +7 buckler "Cowneut" (worn) {rC+}
   (You acquired it on level 7 of the Dungeon)

   rC:        It protects you from cold.
 A - a +1 pair of gloves (worn)
Jewellery
 f - a ring of protection from fire
 h - a ring of protection from cold
 i - a +5 ring of evasion (right hand)
 u - a +6 ring of dexterity
 w - a ring of willpower
 y - a +6 ring of intelligence
 F - a ring of poison resistance
 G - a ring of resist corrosion
 H - a ring of magical power (left hand)
Wands
 n - a wand of paralysis (12)
 t - a wand of flame (39)
 J - a wand of polymorph (5)
Scrolls
 d - 3 scrolls of identify
 q - 3 scrolls of magic mapping
 r - 7 scrolls of teleportation
 E - 3 scrolls of fog
 I - a scroll of blinking
 K - a scroll of enchant weapon
Potions
 g - 5 potions of flight
 j - 2 potions of resistance
 k - 2 potions of attraction
 l - 7 potions of curing
 m - 3 potions of cancellation
 o - 3 potions of lignification
 p - 2 potions of haste
 s - 2 potions of brilliance
 z - a potion of heal wounds
 B - 2 potions of ambrosia
 C - a potion of might
 D - 2 potions of magic


   Skills:
 + Level 7.1 Fighting
 + Level 6.2 Dodging
 + Level 6.7 Stealth
 * Level 5.8 Shields
 + Level 6.4 Spellcasting
 * Level 11.5 Conjurations
 - Level 5.3 Hexes
 * Level 2.1 Earth Magic


You had 6 spell levels left.
You knew the following spells:

 Your Spells              Type           Power      Damage    Failure   Level
a - Magic Dart            Conj           100%       1d8       1%          1
b - Searing Ray           Conj           100%       2d8       1%          2
c - Dazzling Flash        Conj/Hex       92%        N/A       1%          3
d - Fulminant Prism       Conj/Hex       23%        3d12      3%          4
e - Iskenderun's Mystic   Conj/Tloc      34%        2d8       11%         4
f - Passwall              Tmut/Erth      10%        N/A       11%         2

Your spell library contained the following spells:

 Spells                   Type           Power      Damage    Failure   Level
 Freeze                   Ice            28%        1d5       12%         1
 Slow                     Hex            100%       N/A       1%          1
 Confusing Touch          Hex            32%        N/A       3%          3
 Ensorcelled Hibernation  Hex/Ice        38%        N/A       6%          2
 Beastly Appendage        Tmut           14%        N/A       12%         1
 Necrotise                Necr           28%        1d5       12%         1
 Wereblood                Tmut           7%         N/A       17%         2
 Spider Form              Tmut/Pois      7%         N/A       34%         3
 Swiftness                Air            7%         N/A       34%         3
 Vampiric Draining        Necr           7%         2d6       34%         3
 Summon Mana Viper        Hex/Summ       19%        N/A       71%         5
 Iron Shot                Conj/Erth      19%        9d4       71%         6
 Ice Form                 Ice/Tmut       7%         N/A       75%         4
 Summon Ice Beast         Ice/Summ       7%         N/A       75%         4
 Agony                    Necr           7%         N/A       97%         5
 Monstrous Menagerie      Summ           3%         N/A       100%        7
 Chain Lightning          Conj/Air       17%        3d22      100%        9
 Fire Storm               Conj/Fire      17%        8d4       100%        9
 Shatter                  Erth           8%         3d10*     100%        9


Dungeon Overview and Level Annotations

Branches:
Dungeon (11/15)            Temple (1/1) D:6            Lair (1/5) D:11
 Bailey (visited)
    Orc: D:9-12

Altars:
Ashenzari
Cheibriados
Dithmenos
Elyvilon
Fedhas
Gozag
Hepliaklqana
Kikubaaqudgha
Makhleb
Nemelex Xobeh
Okawaru
Qazlal
Ru
Sif Muna
Trog
Uskayaw
Vehumet
Wu Jian
Xom
Yredelemnul
Zin
The Shining One
Ignis

Shops:
D:1 =   D:3 *   D:6 *   D:8 (:


Innate Abilities, Weirdness & Mutations

You can breathe blasts of fire.
Your fiery red scales are hard. (AC +7)
You cannot fit into any form of body armour.
Your flesh is heat resistant. (rF+)
You are cold-blooded and may be slowed by cold attacks.


Message History

Confirm with . or Enter, or press ? or * to list all spells.
You erupt in a blast of force!
The mystic blast hits the catoblepas.
The catoblepas is almost dead.
The catoblepas gores you but does no damage.
Casting: Iskenderun's Mystic Blast (dangerous; 11% risk of failure)
Confirm with . or Enter, or press ? or * to list all spells.
Aiming: Searing Ray (safe; 1% risk of failure)
Press: ? - help, Shift-Dir - straight line The searing ray hits the catoblepas.
The catoblepas is almost dead. (Press . to maintain the ray.)
The catoblepas gores you!!
* * * LOW HITPOINT WARNING * * *
The searing ray hits the catoblepas!
The catoblepas is almost dead.
The catoblepas breathes a plume of calcifying dust at you.
The blast of calcifying dust hits you but does no damage.
The catoblepas breathes a plume of calcifying dust at you.
The blast of calcifying dust hits you.
* * * LOW HITPOINT WARNING * * *
You feel much better.
Casting: Searing Ray (safe; 1% risk of failure)
Confirm with . or Enter, or press ? or * to list all spells.
Aiming: Searing Ray (safe; 1% risk of failure)
Press: ? - help, Shift-Dir - straight line, f - catoblepas
Aim: a catoblepas (almost dead, 100% to hit)
The searing ray hits the catoblepas but does no damage.
The catoblepas is almost dead. (Press . to maintain the ray.)
The catoblepas gores you.
Without enough magic to sustain it, your searing ray dissipates.
The catoblepas breathes in.
The catoblepas gores you!!
* * * LOW HITPOINT WARNING * * *
You hit the catoblepas but do no damage.
The catoblepas is almost dead.
The catoblepas breathes a plume of calcifying dust at you.
The blast of calcifying dust hits you but does no damage.
The catoblepas gores you!
You die...

.... #..........................
................................
.... ........!..................
..## #..........................
..# #.....................§....
######....................§.....
##.........b......##.....§......
......#..###.P...##.....§.......
.....#........§§@Y..............
..........#######.##............
#.........###.#.#####§.........#
#....#.............#...........#
#....##.........................
##...##....#####...#............
#...#.....P# #..##...........
##....P.....##....##..........
...............l.............


You could see a catoblepas.

Vanquished Creatures
  A two-headed ogre (D:11)
  Lodul (D:10)
  Pikel (D:5)
  A gargoyle (D:11)
  Maurice (D:9)
  Joseph (D:7)
  2 komodo dragons
  3 unseen horror zombies (D:10)
  A troll (D:10)
  A hornet (D:9)
  Grinder (D:6)
  Sigmund (D:2)
  2 shadows
  4 wyverns
  A wraith (D:11)
  Eustachio (D:6)
  2 steam dragons
  Grum (D:9)
  Menkaure (D:4)
  2 wargs
  An acid dragon (D:11)
  5 water moccasins
  2 ice beasts
  6 orc warriors
  A black bear (D:6)
  11 ogres
  2 wolves (D:9)
  A centaur (D:5)
  A lemure (D:5)
  4 phantoms
  5 bullfrogs
  2 gnoll sergeants
  2 scorpions
  3 wights (D:9)
  3 electric eels (D:8)
  8 howler monkeys
  5 centaur zombies (D:10)
  13 orc priests
  2 jellies
  4 hounds
  2 sleepcaps
  A gnoll bouda (D:4)
  Natasha (D:2)
  16 orc wizards
  Robin (D:2)
  19 gnolls
  2 howler monkey zombies (D:10)
  2 shadow imps (D:6)
  An ufetubus (D:5)
  38 orcs
  8 endoplasms
  3 giant cockroaches
  9 goblins
  9 hobgoblins
  4 jackals
  A quokka (D:3)
  7 ball pythons
  4 bats
  4 frilled lizards
  5 kobolds
  6 rats
  2 butterflies (Lair:1)
255 creatures vanquished.

Vanquished Creatures (others)
  31 fulminant prisms
  2 plants
33 creatures vanquished.

Grand Total: 288 creatures vanquished

Notes
Turn   | Place    | Note
-------+----------+-------------------------------------------
     0 | D:1      | raph the Draconian Conjurer began the quest for the Orb.
     0 | D:1      | Reached XP level 1. HP: 14/14 MP: 3/3
    82 | D:1      | Found Uraffane's One-of-a-Kind Rings.
   353 | D:1      | Reached XP level 2. HP: 20/20 MP: 3/5
   471 | D:1      | Found a faded altar of an unknown god.
   628 | D:1      | Learned a level 2 spell: Searing Ray
  1119 | D:2      | Noticed Natasha
  1122 | D:2      | Killed Natasha
  1123 | D:2      | Reached skill level 5 in Conjurations
  1123 | D:2      | Reached XP level 3. HP: 26/26 MP: 1/6
  1630 | D:2      | Noticed Sigmund
  1657 | D:2      | Killed Sigmund
  1658 | D:2      | Reached skill level 7 in Conjurations
  1658 | D:2      | Reached XP level 4. HP: 30/33 MP: 0/7
  1658 | D:2      | Reached XP level 5. HP: 35/38 MP: 0/8
  2018 | D:2      | Noticed Robin
  2029 | D:2      | Killed Robin
  2549 | D:3      | Reached XP level 6. HP: 46/46 MP: 4/9
  2910 | D:2      | Learned a level 3 spell: Dazzling Flash
  2928 | D:3      | Reached skill level 1 in Fighting
  3469 | D:3      | Found a glowing silver altar of Zin.
  3471 | D:3      | Found Zin's Purification Station.
  3900 | D:3      | Found an ancient bone altar of Kikubaaqudgha.
  3959 | D:3      | Found a sparkling altar of Nemelex Xobeh.
  4533 | D:4      | Noticed Menkaure
  4539 | D:4      | Killed Menkaure
  4540 | D:4      | Reached skill level 1 in Hexes
  4540 | D:4      | Your scales start taking on a fiery red colour.
  4540 | D:4      | Reached XP level 7. HP: 29/55 MP: 4/11
  4540 | D:4      | Gained mutation: Your flesh is heat resistant. (rF+) [Red
                  | Draconian growth]
  4812 | D:4      | Found a sacrificial altar of Ru.
  5219 | D:4      | Found a hazy altar of Hepliaklqana.
  5461 | D:5      | Entered Level 5 of the Dungeon
  5831 | D:5      | Found a blossoming altar of Fedhas.
  6175 | D:5      | Found a bloodstained altar of Trog.
  6180 | D:5      | Reached skill level 8 in Conjurations
  6180 | D:5      | Reached XP level 8. HP: 62/62 MP: 10/12
  6758 | D:5      | Learned a level 4 spell: Fulminant Prism
  6763 | D:5      | Learned a level 4 spell: Iskenderun's Mystic Blast
  6833 | D:6      | Noticed Pikel
  6967 | D:5      | Killed Pikel
  7342 | D:6      | Reached XP level 9. HP: 71/71 MP: 7/15
  7491 | D:6      | Reached skill level 9 in Conjurations
  7747 | D:6      | Noticed Grinder
  7758 | D:6      | Killed Grinder
  8107 | D:6      | Noticed Eustachio
  8119 | D:6      | Killed Eustachio
  8344 | D:6      | Found Jokobrat's Assorted Antiques.
  8353 | D:6      | Bought a potion of magic for 208 gold pieces
  8361 | D:6      | Found an opulent altar of Gozag.
  8473 | D:6      | Reached skill level 5 in Fighting
  8478 | D:6      | Reached skill level 5 in Stealth
  8595 | D:6      | Found a staircase to the Ecumenical Temple.
  8763 | D:7      | Identified the +1 shortbow of Bloody Death {flame, rF+ rN+
                  | Str-3}
  8795 | D:7      | Noticed Joseph
  8800 | D:7      | Killed Joseph
  8801 | D:7      | Reached skill level 5 in Spellcasting
  8956 | D:7      | Reached skill level 10 in Conjurations
  9005 | D:7      | Found a flagged portal.
  9041 | Bailey   | Entered a bailey
  9045 | Bailey   | Reached XP level 10. HP: 81/81 MP: 12/17
  9343 | D:7      | Found a shadowy altar of Dithmenos.
  9390 | D:7      | Identified a scroll of acquirement
  9390 | D:7      | Acquired the +7 buckler "Cowneut" {rC+}
  9507 | Temple   | Entered the Ecumenical Temple
  9582 | Temple   | Became a worshipper of Vehumet
 10401 | D:8      | Reached skill level 5 in Dodging
 10401 | D:8      | Reached skill level 1 in Shields
 10503 | D:8      | Found Uttuntun's Self-Improvement Boutique.
 10575 | D:8      | Found Xulyin's Weapon Shoppe.
 11297 | D:9      | Got the Encyclopedia of Amathomancy and Therianthropy
 11503 | D:9      | Reached * piety under Vehumet
 11503 | D:9      | Offered knowledge of Sandblast by Vehumet.
 11520 | D:9      | Noticed Maurice
 11675 | D:9      | Noticed Grum
 11694 | D:9      | Killed Grum
 12063 | D:9      | Killed Maurice
 12732 | D:10     | Entered Level 10 of the Dungeon
 13009 | D:10     | Identified the +4 leather armour of Limited Liability {rC+
                  | Str+4}
 13054 | D:10     | Noticed Lodul
 13070 | D:10     | Killed Lodul
 13070 | D:10     | Offered knowledge of Freeze by Vehumet.
 13071 | D:10     | Reached XP level 11. HP: 78/91 MP: 0/19
 13244 | D:10     | Reached skill level 5 in Hexes
 13363 | D:10     | Reached ** piety under Vehumet
 13446 | D:10     | Reached skill level 11 in Conjurations
 14309 | D:10     | Reached skill level 5 in Shields
 14431 | D:10     | Found a basalt altar of Yredelemnul.
 14620 | D:11     | Learned a level 2 spell: Passwall
 15081 | D:11     | Found a staircase to the Lair.
 15321 | D:11     | Noticed a two-headed ogre
 15328 | D:11     | Killed a two-headed ogre
 15329 | D:11     | Reached skill level 1 in Earth Magic
 16187 | Lair:1   | Entered Level 1 of the Lair of Beasts
 16253 | Lair:1   | Found a radiant altar of Vehumet.
 16537 | Lair:1   | Noticed a catoblepas
 16602 | Lair:1   | Slain by a catoblepas

Illustrated notes

Levels and vault maps discovered:
D:1:      dpeg_arrival_round_a, layout_loops_cross,
          shapermc_ecumenical_altar_notcrosses, minmay_misc_feat_rows,
          minmay_misc_feat_doors, nicolae_shop_unique_rings
D:2:      layout_basic, minmay_pentomino_x4, uniq_robin, uniq_natasha,
          uniq_sigmund
D:3:      layout_rooms, mainiacjoe_overflow_surrounded_room,
          nicolae_overflow_hidden_temple, zin_purify, kennysheep_potato
D:4:      layout_loops_ring, mainiacjoe_overflow_alcove_2,
          worldfamousw_hep_ancestral_shrine, grunt_ministairs_1, uniq_menkaure
D:5:      layout_loops_ring, lemuel_doored_altar, trog_book,
          minmay_misc_feat_encased, lightli_minifort
D:6:      layout_basic, lemuel_tele_altar, minmay_temple_entry_from_below_a,
          serial_shops, shop, chequers_serial_rivers_small_a, uniq_eustachio,
          uniq_grinder, uniq_pikel
D:7:      nicolae_cairo_tiling_large, layout_layer_cave,
          grunt_dithmenos_smoke_and_mirrors, enter_bailey_2, uniq_joseph
D:8:      layout_loops_ring, serial_shops, shop, serial_bayou_ford_a,
          nicolae_shop_self_help
D:9:      layout_gridville, uniq_maurice, uniq_grum
D:10:     layout_layer_cave, nicolae_yredelemnul_corpse_copse,
          minmay_misc_feat_four_crosses, uniq_lodul
D:11:     layout_roguey, erik_lair_orcish_takeover,
          hangedman_abyss_or_decor_lesser_grid, minmay_between
Temple:   ebering_untended_altars
Lair:1:   layout_gridlike, basic_altar, grunt_megastairs_3, lemuel_fruit_fields,
          serial_bayou_shore_b

Skill      XL: |  1  2  3  4  5  6  7  8  9 10 11 |
---------------+----------------------------------+-----
Conjurations   | 5 7 8 10 11 | 11.5
Stealth        | 2 3 4 5 6 |  6.7
Fighting       | 2 4 5 6 7 |  7.1
Dodging        | 2 3 4 5 6 |  6.2
Hexes          | 1 3 4 5 |  5.3
Spellcasting   | 3 4 5 6 |  6.4
Shields        | 4 5 |  5.8
Earth Magic    | 2 |  2.1

Action                     |  1- 3 |  4- 6 |  7- 9 | 10-12 || total
---------------------------+-------+-------+-------+-------++-------
  Melee: Long sword        |     8 |    19 |    35 |    35 ||    97
         Punch             |     1 |       |       |       ||     1
         Tailslap          |       |     1 |     2 |    11 ||    14
   Cast: Magic Dart        |    36 |    16 |    43 |    30 ||   125
         Searing Ray       |    10 |    33 |    47 |    75 ||   165
         Iskenderun's Myst |       |       |     5 |    17 ||    22
         Fulminant Prism   |       |       |     6 |    25 ||    31
         Dazzling Flash    |       |       |     1 |       ||     1
Ability: Breathe Fire      |       |       |    22 |    37 ||    59
  Evoke: Wand              |       |       |       |     1 ||     1
    Use: Scroll            |     6 |     4 |     6 |     8 ||    24
         Potion            |       |     1 |       |     1 ||     2
   Stab: Sleeping          |       |       |       |     2 ||     2
 Armour: Skin              |    10 |    16 |    42 |    92 ||   160
  Dodge: Dodged            |    12 |    68 |    88 |   136 ||   304
  Block: Buckler           |       |       |       |   126 ||   126
